 Dungeon Crawl Stone Soup version 0.19.5 (webtiles) character file.

13431 McKennaii the Thaumaturge (level 11, 0/67 HPs)
             Began as a High Elf Air Elementalist on Apr 20, 2017.
             Was a High Priest of Sif Muna.
             Slain by a swamp worm (15 damage)
             ... on level 11 of the Dungeon.
             The game lasted 00:49:43 (11867 turns).

McKennaii the Thaumaturge (HEAE)                   Turns: 11867, Time: 00:49:44

Health: 0/67       AC:  8    Str:  7    XL:     11   Next: 75%
Magic:  24/28      EV: 14    Int: 26    God:    Sif Muna [*****.]
Gold:   596        SH:  0    Dex: 17    Spells: 7 memorised, 18 levels left

rFire  . . .     SeeInvis .     J - +3 great sword
rCold  . . .     Gourm    .     R - +0 troll leather armour
rNeg   . . .     Faith    .     (shield currently unavailable)
rPois  .         Spirit   .     (no helmet)
rElec  .         Reflect  .     F - +2 cloak
rCorr  .         Harm     .     f - +0 pair of gloves
MR     +....                    (no boots)
Stlth  ++........               I - amulet of magic regeneration
                                n - ring of wizardry
                                G - +4 ring of intelligence

@: about to teleport, repel missiles
A: no striking features
a: Divine Energy, Channel Magic, Forget Spell, Renounce Religion


You were on level 11 of the Dungeon.
You worshipped Sif Muna.
Sif Muna was extremely pleased with you.
You were not hungry.

You visited 3 branches of the dungeon, and saw 14 of its levels.

You collected 757 gold pieces.
You spent 161 gold pieces at shops.

Inventory:

Hand Weapons
 J - a +3 great sword (weapon)
Armour
 f - a +0 pair of gloves (worn)
 F - a +2 cloak (worn)
 R - a +0 troll leather armour (worn)
Rods
 j - a +1 rod of clouds (9/9)
   (You found it on level 1 of the Lair of Beasts)
Jewellery
 n - a ring of wizardry (right hand)
 o - an uncursed ring of protection from fire
 G - a +4 ring of intelligence (left hand)
 I - an amulet of magic regeneration (around neck)
 O - an uncursed ring of wizardry
Wands
 u - a wand of flame (31/48)
 A - a wand of confusion (31/48)
 B - a wand of iceblast (8/15)
 S - a wand of random effects (23/48)
Scrolls
 d - 7 scrolls of remove curse
 e - 2 scrolls of enchant armour {unknown}
 i - 6 scrolls of identify
 p - 2 scrolls of blinking {unknown}
 r - 2 scrolls of immolation {unknown}
 w - 4 scrolls of magic mapping
 x - 2 scrolls of fear {unknown}
 y - a scroll of brand weapon {unknown}
 z - a scroll of enchant weapon {unknown}
 E - a scroll of recharging {unknown}
 L - a scroll of acquirement {unknown}
Potions
 a - 2 potions of agility
 g - a potion of cure mutation {unknown}
 k - 2 potions of resistance
 l - 2 potions of curing
 m - 2 potions of invisibility
 s - 2 potions of cancellation
 v - 2 potions of brilliance
 C - a potion of haste {unknown}
 D - 2 potions of flight
 H - 3 potions of lignification
 P - 2 potions of might
 Q - a potion of beneficial mutation {unknown}
Books
 b - a book of Air

   Spells                             Type                      Level
   a - Shock                          Conjuration/Air              1
   b - Swiftness                      Charms/Air                   2
   c - Repel Missiles                 Charms/Air                   2
   d - Static Discharge               Conjuration/Air              3
   e - Lightning Bolt                 Conjuration/Air              5
 K - a book of Alchemy

   Spells                             Type                      Level
   a - Sublimation of Blood           Necromancy                   2
   b - Ignite Poison                  Fire/Transmutation/Poison    3
   c - Petrify                        Transmutation/Earth          4
   d - Alistair's Intoxication        Transmutation/Poison         5
   e - Irradiate                      Conjuration/Transmutation    5
Comestibles
 c - 7 bread rations
 h - a meat ration
 t - 3 beef jerkies
 M - 3 fruits
 N - 9 slices of pizza


   Skills:
 + Level 3.3 Fighting
 + Level 4.2 Long Blades
 + Level 2.7 Armour
 + Level 5.2 Dodging
 + Level 4.1 Stealth
 + Level 12.2 Spellcasting
 + Level 10.5 Conjurations
 + Level 0.6 Hexes
 + Level 1.4 Charms
 + Level 11.0 Air Magic


You had 18 spell levels left.
You knew the following spells:

 Your Spells              Type           Power        Failure   Level  Hunger
a - Shock                 Conj/Air       ####         1%          1    None
b - Swiftness             Chrm/Air       #####...     1%          2    None
c - Repel Missiles        Chrm/Air       #####.       1%          2    None
d - Lightning Bolt        Conj/Air       ######....   1%          5    ###....
e - Infusion              Chrm           ###.         1%          1    None
f - Song of Slaying       Chrm           ###.....     1%          2    None
g - Spectral Weapon       Hex/Chrm       ###.....     4%          3    None


Dungeon Overview and Level Annotations

Branches:
Dungeon (11/15)            Temple (1/1) D:4            Lair (2/6) D:9
    Orc (0/2) D:10
  Swamp: Lair:2-4    Shoals: Lair:2-4     Snake: Lair:2-4    Spider: Lair:2-4

Altars:
Ashenzari
Cheibriados
Dithmenos
Elyvilon
Fedhas
Gozag
Hepliaklqana
Kikubaaqudgha
Makhleb
Nemelex Xobeh
Okawaru
Qazlal
Ru
Sif Muna
Trog
Uskayaw
Vehumet
Xom
Yredelemnul
Zin
The Shining One

Shops:
D:3 *   D:6 ?**[   D:10 *


Message History

A swamp worm bursts forth from the water.
The swamp worm bites you!
A swamp worm bursts forth from the water.
The swamp worm barely misses you.
You riposte.
Your unstable footing causes you to fumble your attack.
The swamp worm barely misses you. The swamp worm bites you!
The swamp worm misses you.
You see here a swamp worm corpse.
The swamp worm misses you. x2
The swamp worm bites you but does no damage.
The swamp worm closely misses you. The swamp worm bites you!!
* * * LOW HITPOINT WARNING * * *
The swamp worm bites you!
* * * LOW HITPOINT WARNING * * *
The swamp worm closely misses you.
As you read the scroll of teleportation, it crumbles to dust.
You feel strangely unstable. The swamp worm closely misses you.
The swamp worm misses you.
You feel better. The swamp worm bites you!
You die...

....#..#...#..#......#.......####
....#..#...#..#.....##.......#...
....#..#...#..##....†........#...
....'..#...#...#....#>###+##.#...
+####..#...'...'≈≈≈≈≈≈≈....#.##'#
.......#...#..≈≈≈≈≈≈≈≈≈≈≈..#.....
.......#####.≈≈≈#######≈≈≈.#.....
#............≈≈P#≈≈≈≈≈##≈†.#.....
#............≈≈P@w≈†≈≈(#≈≈+#.....
#............≈≈≈#w≈≈≈≈##≈≈...####
##########...≈≈≈#######≈≈≈...#
#....≈≈≈≈≈≈≈≈≈≈≈....#
#.##...≈≈≈≈≈≈≈#######
######......### ########


You could see 2 swamp worms.

Vanquished Creatures
  3 hill giants
  Pikel (D:7)
  A centaur zombie (D:10)
  A spiny frog (Lair:2)
  A rime drake (Lair:1)
  A komodo dragon (Lair:1)
  A troll (D:9)
  3 hippogriffs
  17 yaks
  2 hogs (D:7)
  2 wraiths
  A hungry ghost (D:10)
  3 water moccasins
  3 swamp worms (D:11)
  2 porcupines (Lair:1)
  2 hell hounds (D:9)
  2 orc warriors
  An eye of draining (D:10)
  2 ogres
  A sky beast (D:10)
  3 ice beasts
  4 phantoms
  A centaur (D:11)
  2 crocodiles (Lair:1)
  3 big kobolds (D:8)
  12 bullfrogs
  A wyvern skeleton (D:4)
  3 scorpions
  2 troll zombies (D:10)
  5 killer bees (D:10)
  The ghost of Venard the Vexing, a weakling DgWn (D:3)
  8 wights
  A howler monkey (D:4)
  8 crimson imps
  2 bullfrog zombies
  2 hounds (D:8)
  2 jellies
  A quasit (D:10)
  8 orc wizards
  8 orc priests
  3 centaur skeletons
  3 bullfrog skeletons
  3 iguanas
  11 worker ants
  6 ogre zombies (D:10)
  2 hound zombies
  2 hound skeletons
  14 adders
  4 shadow imps
  An ooze (D:2)
  An adder skeleton (D:9)
  2 adder zombies
  14 worms
  A dart slug (D:1)
  2 leopard geckos (D:2)
  32 orcs
  3 giant cockroaches
  7 goblins
  10 hobgoblins
  7 jackals
  4 quokkas
  A ball python (D:5)
  9 bats
  2 frilled lizards
  A goblin skeleton (D:10)
  A goblin zombie (D:10)
  2 hobgoblin skeletons (D:10)
  A hobgoblin zombie (D:10)
  17 kobolds
  2 leopard gecko skeletons
  2 orc skeletons (D:10)
  17 orc zombies (D:10)
  A quokka skeleton (D:5)
  6 rats
  A plant (D:11)
322 creatures vanquished.

Vanquished Creatures (others)
  A slave (D:7)
  A human (D:7)
  A bullfrog (D:7)
  A crimson imp (D:7)
  An orc wizard (D:7)
  3 orcs (D:7)
  A plant (D:11)
9 creatures vanquished.

Grand Total: 331 creatures vanquished

Notes
Turn   | Place    | Note
-------+----------+-------------------------------------------
     0 | D:1      | McKennaii the High Elf Air Elementalist began the quest for the Orb.
     0 | D:1      | Reached XP level 1. HP: 11/11 MP: 4/4
   149 | D:1      | Reached XP level 2. HP: 14/17 MP: 0/6
   153 | D:1      | Learned a level 2 spell: Swiftness
   156 | D:1      | Learned a level 2 spell: Repel Missiles
   978 | D:2      | Reached XP level 3. HP: 21/21 MP: 4/8
  1047 | D:1      | Reached skill level 3 in Spellcasting
  1251 | D:2      | Found a blossoming altar of Fedhas.
  1579 | D:2      | Reached XP level 4. HP: 27/27 MP: 3/10
  2174 | D:3      | Reached XP level 5. HP: 31/31 MP: 8/11
  2175 | D:3      | Noticed Venard's ghost (weakling DgWn)
  2209 | D:3      | Killed Venard's ghost
  2209 | D:3      | Reached skill level 4 in Spellcasting
  2360 | D:3      | Reached skill level 5 in Air Magic
  2501 | D:3      | Reached XP level 6. HP: 28/36 MP: 9/13
  2524 | D:3      | Found Zin's Purification Station.
  2528 | D:3      | Found a glowing silver altar of Zin.
  2590 | D:3      | Found a hazy altar of Hepliaklqana.
  2899 | D:4      | Found a snail-covered altar of Cheibriados.
  3097 | D:4      | Found a glowing golden altar of the Shining One.
  3164 | D:4      | Reached skill level 5 in Spellcasting
  3333 | D:4      | Reached XP level 7. HP: 41/41 MP: 12/15
  3467 | D:4      | Found a staircase to the Ecumenical Temple.
  3522 | Temple   | Entered the Ecumenical Temple
  4172 | D:4      | Found a faded altar of an unknown god.
  4172 | D:4      | Found a faded altar of an unknown god.
  4178 | D:4      | Reached skill level 5 in Conjurations
  4217 | D:4      | Found a radiant altar of Vehumet.
  4219 | D:4      | Found a deep blue altar of Sif Muna.
  4221 | D:4      | Found an iron altar of Okawaru.
  4232 | D:4      | Became a worshipper of Sif Muna the Loreminder
  4336 | D:5      | Entered Level 5 of the Dungeon
  4938 | D:6      | Found Fuprur's Antique Armour Shoppe.
  4955 | D:6      | Reached skill level 6 in Spellcasting
  4960 | D:6      | Found Cekkox's Assorted Antiques.
  5146 | D:6      | Found Detyicuw's Assorted Antiques.
  5205 | D:6      | Reached XP level 8. HP: 39/46 MP: 10/18
  5259 | D:6      | Found Peotsasch's Magic Scroll Shoppe.
  5357 | D:6      | Bought a scroll of noise for 14 gold pieces
  5357 | D:6      | Bought a scroll of identify for 28 gold pieces
  5357 | D:6      | Bought a scroll of teleportation for 42 gold pieces
  5357 | D:6      | Bought a scroll of identify for 28 gold pieces
  5357 | D:6      | Bought a scroll of magic mapping for 49 gold pieces
  5386 | D:6      | Learned a level 5 spell: Lightning Bolt
  5692 | D:6      | Reached skill level 7 in Spellcasting
  5878 | D:7      | Reached * piety under Sif Muna
  5895 | D:7      | Reached skill level 1 in Fighting
  5937 | D:7      | Noticed Pikel
  5945 | D:7      | Killed Pikel
  5945 | D:7      | Reached skill level 8 in Spellcasting
  5945 | D:7      | Reached XP level 9. HP: 46/53 MP: 6/22
  6266 | D:7      | Found a sparkling altar of Nemelex Xobeh.
  6418 | D:7      | Reached ** piety under Sif Muna
  6419 | D:7      | Reached skill level 1 in Long Blades
  6555 | D:7      | Reached skill level 9 in Spellcasting
  6779 | D:8      | Learned a level 1 spell: Infusion
  6782 | D:8      | Learned a level 2 spell: Song of Slaying
  6786 | D:8      | Learned a level 3 spell: Spectral Weapon
  7259 | D:8      | Reached skill level 1 in Charms
  7409 | D:8      | Found a shadowy altar of Dithmenos.
  7499 | D:9      | Reached *** piety under Sif Muna
  7500 | D:9      | Reached XP level 10. HP: 29/60 MP: 11/24
  7589 | D:9      | Reached skill level 10 in Spellcasting
  7916 | D:9      | Found a staircase to the Lair.
  8086 | D:9      | Found a basalt altar of Yredelemnul.
  8182 | D:9      | Reached **** piety under Sif Muna
  8355 | D:9      | Found a stormy altar of Qazlal.
  8445 | Lair:1   | Entered Level 1 of the Lair of Beasts
  8487 | Lair:1   | Reached skill level 1 in Armour
  8743 | Lair:1   | Reached skill level 10 in Air Magic
  8927 | Lair:1   | Reached skill level 11 in Spellcasting
  9171 | Lair:2   | Noticed a black mamba
  9284 | Lair:2   | Noticed a spiny frog
  9319 | Lair:2   | Killed a spiny frog
  9319 | Lair:2   | Reached skill level 5 in Dodging
  9319 | Lair:2   | Reached XP level 11. HP: 56/66 MP: 21/27
  9601 | Lair:1   | HP: 3/66 [black mamba (5)]
  9603 | Lair:1   | HP: 1/66 [poisoned by a black mamba]
  9684 | D:10     | Entered Level 10 of the Dungeon
  9696 | D:10     | Found a hide-covered altar of Uskayaw.
  9722 | D:10     | Noticed a hill giant
  9762 | D:10     | Found Biaqiphe's Assorted Antiques.
 10379 | D:10     | Found a staircase to the Orcish Mines.
 10676 | D:10     | Reached skill level 10 in Conjurations
 10730 | D:10     | Killed a hill giant
 10730 | D:10     | Reached ***** piety under Sif Muna
 11167 | D:11     | Noticed a hill giant
 11222 | D:11     | Received a gift from Sif Muna
 11415 | D:11     | Noticed a hill giant
 11426 | D:11     | Killed a hill giant
 11459 | D:11     | Killed a hill giant
 11531 | D:11     | Reached skill level 12 in Spellcasting
 11867 | D:11     | Slain by a swamp worm

Skill      XL: |  1  2  3  4  5  6  7  8  9 10 11 |
---------------+----------------------------------+-----
Air Magic      | 4 5 6 7 8 10 11 | 11.0
Spellcasting   | 3 4 5 6 8 9 11 12 | 12.2
Conjurations   | 2 3 4 5 7 8 9 10 | 10.5
Dodging        | 3 4 5 |  5.2
Stealth        | 3 4 |  4.1
Fighting       | 1 2 3 |  3.3
Long Blades    | 1 3 4 |  4.2
Charms         | 1 |  1.4
Armour         | 1 2 |  2.7
Hexes          | |  0.6

Action                   |  1- 3 |  4- 6 |  7- 9 | 10-12 || total
-------------------------+-------+-------+-------+-------++-------
Melee: Unarmed           |    21 |     5 |       |       ||    26
       Falchion          |       |       |    38 |    30 ||    68
       Great sword       |       |       |       |    42 ||    42
 Cast: Shock             |    95 |   133 |   320 |   530 ||  1078
       Repel Missiles    |     1 |       |     1 |       ||     2
       Lightning Bolt    |       |       |     3 |    35 ||    38
       Swiftness         |       |       |     1 |     2 ||     3
       Infusion          |       |       |     1 |     1 ||     2
       Song of Slaying   |       |       |     1 |     1 ||     2
       Spectral Weapon   |       |       |     1 |       ||     1
  Use: Scroll            |       |       |     2 |    15 ||    17
       Potion            |       |       |       |     8 ||     8
  Eat: Meat ration       |       |     2 |       |     1 ||     3
       Pizza             |       |     1 |       |       ||     1
       Beef jerky        |       |       |     2 |       ||     2
       Bread ration      |       |       |     1 |     3 ||     4
       Royal jelly       |       |       |     1 |       ||     1
       Fruit             |       |       |       |     2 ||     2
Armor: Robe              |    10 |     2 |    28 |     4 ||    44
       Troll leather arm |       |       |       |    86 ||    86
Dodge: Dodged            |    42 |    29 |    76 |   210 ||   357
       Deflected         |     1 |     3 |     1 |     3 ||     8
Block: Other             |     4 |     7 |     2 |       ||    13
       Reflection        |     1 |       |       |       ||     1
       Rpst.: Falchion   |       |       |    19 |    22 ||    41
       Great sword       |       |       |       |    36 ||    36
